 Dungeon Crawl Stone Soup version 0.16.0-17-g811c1d7 (webtiles) character file.

94 Sorcv the Sneak (level 4, -1/24 HPs)
             Began as a Kobold Enchanter on Mar 20, 2015.
             Killed by divine providence
             ... invoked by an orc priest
              (14 damage)
             ... on level 3 of the Dungeon.
             The game lasted 00:03:46 (1358 turns).

Sorcv the Sneak (Kobold Enchanter)                  Turns: 1358, Time: 00:03:46

Health: -1/24      AC:  5    Str:  6    XL:     4   Next: 94%
Magic:  7/7        EV: 15    Int: 13    God:
Gold:   100        SH:  0    Dex: 17    Spells: 3 memorised, 1 level left

rFire  . . .     SeeInvis .     a - +1 dagger
rCold  . . .     Clarity  .     b - +1 robe
rNeg   . . .     SustAb   .     (no shield)
rPois  .         Gourm    .     h - +0 helmet
rElec  .         Spirit   .     (no cloak)
rCorr  .         Warding  .     (no gloves)
rMut   .         Stasis   .     g - +0 pair of boots
MR     .....                    (no amulet)
Stlth  ++++......               (no ring)
                                k - ring of wizardry (curse)

@: not resistant to hostile enchantments, stealthy
A: carnivore 3
a: no special abilities


You were on level 3 of the Dungeon.
You were not hungry.

You visited 1 branch of the dungeon, and saw 3 of its levels.

You collected 100 gold pieces.

Inventory:

Hand weapons
 a - a +1 dagger (weapon)
Armour
 b - a +1 robe (worn)
 g - a +0 pair of boots (worn)
 h - a +0 helmet (worn)
Jewellery
 k - a cursed ring of wizardry (left hand)
Scrolls
 f - 2 scrolls of remove curse {unknown}
 i - 3 scrolls of identify {unknown}
 j - a scroll of fog {unknown}
 m - a scroll of immolation {unknown}
 n - a scroll of enchant armour {unknown}
Potions
 e - a potion of restore abilities
 l - a potion of cancellation
Books
 c - a book of Maledictions

   Spells                             Type                      Level
   a - Corona                         Hexes                        1
   b - Sure Blade                     Hexes/Charms                 2
   c - Ensorcelled Hibernation        Hexes/Ice                    2
   d - Confuse                        Hexes                        3
   e - Dazzling Spray                 Conjuration/Hexes            3
   f - Enslavement                    Hexes                        4
Comestibles
 d - a meat ration
 o - a beef jerky


   Skills:
 - Level 1.3 Short Blades
 - Level 2.4 Dodging
 + Level 7.4 Stealth
 - Level 2.0 Spellcasting
 - Level 3.0 Hexes


You had one spell level left.
You knew the following spells:

 Your Spells              Type           Power        Failure   Level  Hunger
a - Corona                Hex            #......      4%          1    ##.....
b - Ensorcelled Hibernat  Hex/Ice        #.....       9%          2    ###....
c - Confuse               Hex            #.......     9%          3    ####...


Dungeon Overview and Level Annotations

Branches:
Dungeon (3/15)

Altars:
Nemelex Xobeh
Beogh


Innate Abilities, Weirdness & Mutations

You are small and have problems with some larger weapons.
You are carnivorous and can eat meat at any time.


Message History

It was a potion of restore abilities.
You feel refreshed.
The orc throws a tomahawk.
The tomahawk hits you.
Drink which item? (? for menu, Esc to quit)
It was a potion of cancellation.
You feel magically purged.
The orc throws a tomahawk.
The tomahawk misses you.
Drink which item? (? for menu, Esc to quit)
It was a potion of curing.
You feel better. The orc hits you with a mace.
You hit the orc.
The orc is heavily wounded.
You closely miss the orc.
The orc is heavily wounded.
The orc hits you with a mace.
You hit the orc.
The orc is severely wounded.
Read which item? (? for menu, Esc to quit)
Okay, then.
The orc priest mumbles some strange prayers to Beogh against you.
Something smites you!
Ouch! That really hurt!
You die...

#.8$8o### #_....'.#
#o# ## ##.##
#...#####o†.#
#.......o...#######
........o..........
#............######
#.......@⌠.⌠.#
.#######.._..#
##⌠.⌠## ......
........ ........
#######


You could see an orc priest and 3 orcs.

Vanquished Creatures
  A giant mite (D:1)
  4 adders (D:2)
  2 giant geckos (D:1)
  9 bats
  2 giant cockroaches
  5 hobgoblins
  11 jackals
  3 goblins
  4 kobolds (D:2)
  3 rats (D:1)
44 creatures vanquished.

Notes
Turn   | Place    | Note
--------------------------------------------------------------
     0 | D:1      | Sorcv, the Kobold Enchanter, began the quest for the Orb.
     0 | D:1      | Reached XP level 1. HP: 10/10 MP: 3/3
    65 | D:1      | Reached XP level 2. HP: 9/15 MP: 4/4
    75 | D:1      | Learned a level 2 spell: Ensorcelled Hibernation
   104 | D:1      | Reached skill level 5 in Stealth
   401 | D:1      | Reached XP level 3. HP: 19/19 MP: 6/6
   472 | D:1      | Reached skill level 6 in Stealth
   780 | D:2      | Learned a level 3 spell: Confuse
   832 | D:2      | Reached XP level 4. HP: 13/24 MP: 7/7
   955 | D:2      | Reached skill level 7 in Stealth
  1338 | D:3      | Found a sparkling altar of Nemelex Xobeh.
  1346 | D:3      | Found a roughly hewn altar of Beogh.
  1358 | D:3      | Killed from afar by an orc priest

Action                   |  1- 3 |  4- 6 || total
-------------------------+-------+-------++-------
Melee: Dagger            |    90 |    55 ||   145
  Use: Potion            |       |     3 ||     3
 Stab: Sleeping          |     6 |     5 ||    11
  Eat: Chunk             |     3 |       ||     3
